Map: [ESL] Moondance

Players

Lambo - Winner!

  • Race: Zerg Zerg
  • Spawn Location: 12:00

BattleB

  • Race: Terran Terran
  • Spawn Location: 6:00

Event: DreamHack SC2 Masters 2022 Atlanta (Online)

VOD

Have the link to the VOD?

Description

Time

  • Played on: Oct. 5, 2022, 1:54 p.m.
  • Length: 14:04

All games in this series

Show
View Real Time Build Order
Export as new Build Order

Lambo Zerg - Winner!

Build Orders: Pool First 

Get SALT Encoding   

  12  0:00  Drone  
  13  0:12  Overlord  
  13  0:17  Drone  
  14  0:30  Drone x2  
  14  0:34  Drone  
  17  0:43  Spawning Pool  
  17  0:46  Drone  
  17  1:06  Hatchery  
  17  1:09  Drone  
  17  1:13  Drone  
  17  1:15  Extractor  
  17  1:29  Zergling x2  
  17  1:30  Zergling x2, Queen  
  21  1:41  Overlord  
  21  1:50  Drone  
  22  2:02  Drone  
  22  2:06  Queen  
  25  2:13  Drone  
  26  2:18  Drone  
  26  2:22  Hatchery  
  26  2:24  Drone  
  27  2:30  Drone  
  27  2:32  Drone  
  29  2:39  Drone x3  
  29  2:43  Drone  
  33  2:47  Drone  
  33  2:52  Metabolic Boost  
  33  2:53  Drone  
  33  2:56  Drone  
  35  3:03  Overlord  
  35  3:09  Queen, Extractor  
  37  3:24  Drone x7  
  44  3:33  Queen  
  45  3:34  Overlord  
  45  3:35  Queen  
  47  3:42  Zergling x2, Overlord  
  47  3:46  Queen  
  50  3:52  Overlord  
  50  3:56  Overlord  
  50  3:57  Zergling x8  
  50  3:58  Zergling x2  
  54  4:03  Drone  
  54  4:08  Drone  
  56  4:12  Drone x2  
  56  4:16  Queen  
  58  4:18  Drone x4  
  58  4:22  Overlord  
  64  4:24  Queen  
  66  4:32  Overlord  
  66  4:35  Drone x2  
  66  4:36  Lair  
  68  4:39  Extractor  
  68  4:42  Baneling Nest, Drone x2  
  68  4:43  Drone  
  69  4:49  Zergling x4  
  71  4:53  Drone x4  
  71  4:55  Drone x2  
  71  4:56  Drone x2  
  79  5:01  Extractor  
  79  5:03  Overlord  
  79  5:05  Zergling x2, Drone x2  
  81  5:07  Queen  
  81  5:12  Evolution Chamber  
  82  5:16  Overlord  
  82  5:18  Zergling x2  
  85  5:22  Drone x3  
  85  5:23  Drone x2  
  85  5:26  Extractor  
  89  5:32  Baneling x3  
  89  5:39  Evolution Chamber  
  87  5:44  Drone x8  
  87  5:47  Drone  
  87  5:49  Drone  
  88  5:51  Centrifugal Hooks  
  88  5:54  Drone x3  
  88  5:55  Evolution Chamber  
  88  5:56  Evolution Chamber  
  88  6:00  Drone x2  
  88  6:04  Overseer  
  90  6:05  Drone x3  
  90  6:07  Drone x2  
  95  6:11  Hatchery  
  95  6:16  Drone  
  95  6:17  Drone  
  95  6:18  Baneling x3  
  96  6:21  Hatchery  
  96  6:23  Drone x2  
  96  6:25  Overlord  
  97  6:26  Overlord  
  97  6:28  Zergling x4  
  97  6:29  Zergling x4  
  101  6:33  Zergling x6  
  101  6:34  Zergling x2  
  105  6:46  Extractor  
  104  6:47  Hydralisk Den  
  104  6:49  Drone x5  
  104  6:52  Zerg Ground Armor Level 1, Zerg Melee Weapons Level 1  
  108  6:56  Drone x5  
  111  7:13  Drone x3  
  111  7:14  Drone  
  111  7:22  Hydralisk x4  
  111  7:24  Grooved Spines  
  119  7:31  Extractor  
  119  7:32  Zergling x4  
  119  7:35  Overlord x2  
  120  7:38  Queen x2  
  120  7:39  Overlord x2  
  120  7:40  Zergling x4  
  120  7:41  Baneling x2  
  120  7:42  Overlord  
  126  7:44  Overlord  
  126  7:45  Overlord  
  126  7:47  Baneling x6  
  126  7:51  Overlord  
  126  7:53  Drone  
  126  7:54  Drone x4  
  126  7:55  Spore Crawler  
  126  7:56  Overseer, Hydralisk  
  126  7:57  Zergling x2, Hydralisk x4  
  141  7:58  Baneling x2  
  141  8:01  Drone x2  
  141  8:02  Drone  
  144  8:06  Zergling x12  
  145  8:18  Zergling x18  
  142  8:23  Zergling x10  
  142  8:24  Baneling  
  142  8:25  Baneling x9  
  142  8:26  Zergling x2  
  148  8:29  Infestation Pit  
  151  8:34  Zergling x18  
  151  8:36  Muscular Augments  
  151  8:37  Zergling x2  
  151  8:38  Baneling x8  
  157  8:43  Overlord  
  157  8:44  Overlord  
  157  8:48  Zergling x12  
  163  8:52  Zergling x6  
  163  8:53  Zergling x2  
  167  8:56  Drone x2  
  167  8:58  Zergling x10  
  167  9:00  Baneling  
  167  9:01  Baneling x6  
  173  9:04  Zergling x14  
  173  9:09  Overlord  
  180  9:14  Zergling x8  
  180  9:16  Zerg Ground Armor Level 2  
  180  9:17  Zerg Melee Weapons Level 2, Hive  
  182  9:22  Zergling x12  
  182  9:27  Zergling x14  
  182  9:30  Hydralisk x2  
  158  9:34  Zergling x10  
  158  9:36  Zergling x4  
  158  9:37  Baneling x3  
  158  9:40  Zergling x4  
  158  9:42  Baneling x6  
  154  9:49  Zergling x16  
  156  10:01  Zergling x20  
  156  10:06  Zergling x4  
  163  10:11  Zergling x6  
  163  10:14  Hatchery  
  165  10:21  Zergling x10  
  165  10:27  Zergling x14  
  176  10:30  Hatchery  
  168  10:36  Zergling x20  
  168  10:40  Zergling x2  
  168  10:42  Baneling x19  
  179  10:43  Zergling x6  
  179  10:47  Zergling x2  
  179  10:48  Baneling x15  
  181  10:53  Zergling x4  
  178  11:02  Zergling x24  
  161  11:27  Zergling x30  
  161  11:31  Viper x3  
  166  11:38  Zergling x10  
  171  11:43  Hatchery  
  171  11:44  Drone x3  
  171  11:46  Zerg Missile Weapons Level 1, Adrenal Glands  
  173  11:51  Zergling x4  
  173  11:52  Zergling x10  
  180  12:00  Overlord  
  180  12:02  Overseer  
  180  12:09  Spore Crawler  
  180  12:11  Zergling x4  
  180  12:15  Overlord x2  
  180  12:21  Hydralisk x4  
  186  12:24  Overseer  
  186  12:26  Baneling x4  
  186  12:28  Zergling x2  
  186  12:29  Overlord x2  
  187  12:33  Extractor  
  187  12:34  Spore Crawler  
  185  12:37  Drone  
  185  12:38  Drone x2  
  186  12:46  Zergling x30  
  199  12:53  Baneling x7  
  199  12:54  Baneling x2  
  198  13:01  Zergling x10  
  200  13:08  Zergling x6  
  192  13:14  Zergling x8  
  192  13:15  Zergling x6  
  198  13:45  Zergling x2  
  198  13:46  Zergling x34  
Show
View Real Time Build Order
Export as new Build Order

BattleB Terran 

Build Orders: 2 Factory, Reaper Expand 

Get SALT Encoding   

  12  0:00  SCV  
  13  0:12  SCV  
  14  0:17  Supply Depot  
  14  0:24  SCV  
  15  0:38  SCV  
  15  0:40  Barracks  
  16  0:42  Refinery  
  16  0:50  SCV  
  17  1:03  SCV  
  18  1:15  SCV  
  19  1:26  Reaper  
  19  1:27  Orbital Command  
  20  1:38  Command Center  
  20  1:45  Supply Depot  
  20  1:53  SCV  
  21  1:58  Marine  
  22  2:05  SCV  
  22  2:07  Factory  
  23  2:17  SCV  
  23  2:20  Barracks Reactor  
  24  2:29  SCV  
  24  2:46  Command Center  
  24  2:49  SCV  
  24  3:01  SCV  
  25  3:06  Hellion  
  25  3:07  Hellion  
  25  3:09  Factory  
  29  3:13  SCV  
  29  3:16  Refinery  
  30  3:23  Orbital Command  
  29  3:28  SCV  
  29  3:33  Marine  
  31  3:41  SCV, Hellion  
  34  3:44  Hellion  
  36  3:49  SCV  
  36  3:53  SCV, Factory Tech Lab  
  39  4:05  Hellion, SCV  
  39  4:06  Hellion  
  39  4:08  SCV  
  44  4:11  Orbital Command  
  44  4:17  Infernal Pre-Igniter  
  44  4:20  SCV  
  44  4:21  SCV  
  44  4:23  Hellion  
  47  4:29  Hellion x2  
  51  4:32  SCV  
  51  4:33  SCV  
  51  4:37  Supply Depot  
  51  4:38  SCV  
  54  4:40  Barracks Tech Lab  
  54  4:45  SCV x2  
  56  4:46  Hellion  
  56  4:50  SCV, Hellion  
  61  4:59  Supply Depot, SCV x2, Hellion  
  65  5:01  Stimpack  
  65  5:02  Marine  
  65  5:06  SCV  
  67  5:10  Hellion  
  67  5:11  SCV x2  
  69  5:20  Marine  
  69  5:21  Supply Depot, SCV, Hellion  
  73  5:22  Supply Depot  
  73  5:23  SCV  
  73  5:25  Hellion, SCV  
  77  5:31  Barracks  
  77  5:32  Barracks  
  77  5:36  SCV x2  
  77  5:40  Hellion  
  77  5:43  SCV  
  77  5:47  Hellion  
  77  5:48  SCV x2  
  77  5:49  Engineering Bay x2  
  76  5:51  Refinery  
  76  5:52  Refinery  
  76  5:57  SCV  
  76  5:58  Marine  
  76  6:02  Hellion x2  
  82  6:04  SCV x2  
  82  6:10  Supply Depot, SCV  
  85  6:11  Supply Depot  
  85  6:17  Terran Infantry Armor Level 1, Terran Infantry Weapons Level 1  
  86  6:18  SCV x2, Starport  
  86  6:20  Barracks Reactor  
  86  6:21  Barracks Reactor  
  86  6:23  Marine  
  89  6:25  SCV  
  89  6:30  SCV  
  90  6:34  SCV  
  90  6:35  Barracks  
  90  6:36  Supply Depot x2, Barracks  
  90  6:37  SCV  
  92  6:41  Siege Tank  
  92  6:42  Combat Shield  
  92  6:44  Marine  
  92  6:45  SCV  
  98  6:52  Factory Tech Lab  
  99  6:59  Supply Depot, Refinery  
  99  7:00  SCV, Marine x3  
  101  7:01  Marine  
  101  7:03  Supply Depot  
  101  7:06  Marine  
  103  7:14  Medivac x2  
  99  7:18  Marine x2  
  99  7:19  Marine x2  
  99  7:20  Barracks, Siege Tank  
  99  7:21  Barracks x2  
  99  7:22  Siege Tank  
  109  7:24  Marine  
  109  7:27  Barracks Reactor  
  109  7:28  Barracks Reactor  
  109  7:29  Armory  
  110  7:36  Marine x2  
  112  7:37  Marine x2  
  112  7:41  Marine  
  115  7:48  Medivac x2  
  115  7:49  Command Center  
  119  7:53  Marine  
  119  7:54  Marine  
  119  7:55  Siege Tank, Marine x2  
  119  7:58  SCV x2  
  127  7:59  Marine  
  127  8:01  Siege Tank  
  127  8:02  Supply Depot  
  127  8:04  Marine  
  127  8:05  Marine  
  134  8:06  Marine x2  
  134  8:11  Marine x2  
  138  8:18  Medivac x2  
  138  8:19  Marine x6  
  138  8:22  Marine x2  
  138  8:24  Marine  
  138  8:25  Marine  
  142  8:29  Terran Vehicle Weapons Level 1, Marine  
  142  8:30  Terran Infantry Weapons Level 2  
  143  8:36  Supply Depot  
  143  8:40  Terran Infantry Armor Level 2  
  143  8:50  Supply Depot  
  143  8:51  Supply Depot  
  143  8:52  Supply Depot  
  143  8:55  Marine x6  
  149  8:58  Siege Tank, Marine x4  
  149  9:00  Siege Tank, Marine x2  
  161  9:12  Marine x2  
  161  9:15  Marine x4  
  161  9:16  Marine x4  
  171  9:18  Medivac x2, Marine x2  
  171  9:23  SCV  
  171  9:24  SCV  
  175  9:30  Marine x2  
  153  9:33  Marine x6  
  153  9:35  Siege Tank x2  
  165  9:41  SCV  
  165  9:43  SCV  
  156  9:52  Planetary Fortress  
  139  9:54  SCV x2, Marine x8  
  139  9:55  Barracks Tech Lab  
  139  9:58  Barracks Tech Lab x2  
  148  10:06  SCV, Marine  
  146  10:11  Liberator  
  146  10:12  Marine x5  
  154  10:17  Marine x3  
  154  10:18  Refinery x2  
  154  10:20  Sensor Tower  
  156  10:22  Siege Tank  
  159  10:28  Marine x3  
  159  10:29  Marine  
  159  10:30  Marine  
  159  10:32  Marine x2  
  159  10:33  Siege Tank  
  159  10:34  Marine x2  
  159  10:35  Marine x3  
  166  10:46  Marine x3  
  166  10:47  Marine  
  166  10:48  Marine  
  163  10:50  Marine x2  
  163  10:51  Marine  
  163  10:52  Marine  
  163  10:53  Marine  
  163  10:55  SCV x2  
  152  10:57  Marine  
  152  10:59  Marine  
  146  11:04  Marine x3  
  146  11:05  Marine  
  146  11:06  Marine  
  146  11:08  SCV x4  
  155  11:18  Marine x4  
  159  11:20  SCV x2, Siege Tank  
  159  11:22  Siege Tank  
  167  11:32  Marine  
  133  11:33  Marine x3  
  133  11:36  SCV  
  133  11:38  SCV  
  133  11:39  SCV x2  
  139  11:47  Terran Vehicle Weapons Level 2  
  139  11:49  SCV  
  139  11:51  Engineering Bay, SCV  
  139  11:53  Marine x3  
  144  11:59  Siege Tank  
  147  12:01  Siege Tank  
  149  12:10  Medivac x2  
  153  12:17  SCV x2  
  153  12:18  Supply Depot  
  153  12:19  Supply Depot  
  153  12:20  SCV  
  153  12:21  Marine x2  
  153  12:22  SCV  
  156  12:35  Command Center  
  156  12:38  Siege Tank  
  156  12:39  Siege Tank  
  162  12:47  Ghost Academy  
  160  12:52  Medivac x2  
  164  13:01  Factory  
  168  13:07  Marine x4  
  170  13:15  Siege Tank x2, Marine  
  170  13:16  Marine  
  177  13:21  Ghost x3  
  177  13:25  Ghost  
  177  13:32  Marine x6  
  177  13:33  Marine  
  177  13:36  Marine  
Tags
 
Add a new tag
Caveats
  • Supply blocks, unpowered buildings, or Contaminate may cause inaccurate times.
  • Supply counts are checked every 10 seconds.